 Dungeon Crawl Stone Soup version 0.31.0-11-ge490571c62 (webtiles) character file.

Game seed: 14804804579839850863

298 qw the Skirmisher (level 6, 0/35 HPs)
             Began as a Deep Elf Hunter on Feb 4, 2024.
             Succumbed to a scorpion's poison
             ... on level 4 of the Dungeon.
             The game lasted 00:00:10 (2819 turns).

qw the Skirmisher (Deep Elf Hunter)                 Turns: 2819, Time: 00:00:10

Health: 0/35       AC:  5    Str: 10    XL:     6   Next: 13%
Magic:  8/8        EV: 11    Int: 14    God:
Gold:   105        SH:  0    Dex: 18    Spells: 5/5 levels left

rFire   . . .        a - +0 shortbow (heavy)
rCold   + . .        (shield currently unavailable)
rNeg    . . .        m - +0 ring mail
rPois   .            (no helmet)
rElec   .            (no cloak)
rCorr   .            (no gloves)
SInv    .            (no boots)
Will    .....        j - amulet of faith
Stlth   +            k - ring of protection from cold
HPRegen 0.25/turn    (no ring)
MPRegen 0.11/turn

%: faith
@: lethally poisoned (0 -> -14)
A: no striking features
a: no special abilities


You were on level 4 of the Dungeon.
You visited 1 branch of the dungeon, and saw 4 of its levels.

You collected 105 gold pieces.


   Skills:
 - Level 2.0 Fighting
 + Level 9.3 Ranged Weapons
 - Level 3.2 Dodging
 - Level 1.2 Stealth


You had 5 spell levels left.
You didn't know any spells.
Your spell library was empty.

Inventory:

Hand Weapons
 a - a +0 heavy shortbow (weapon)
Armour
 m - a +0 ring mail (worn)
Jewellery
 e - a ring of ice
 j - an amulet of faith (around neck)
 k - a ring of protection from cold (left hand)
Wands
 l - a wand of polymorph (2)
Potions
 d - 2 potions of haste
 f - a potion of enlightenment

Dungeon Overview and Level Annotations

Branches:
Dungeon (4/15)
 Temple: D:4-7

Altars:


Message History

You start resting.
HP restored.
You now have 90 gold pieces (gained 7).
You now have 105 gold pieces (gained 15).
An adder and a scorpion come into view.
You shoot an arrow. The arrow hits the adder.
The adder hisses angrily.
The adder is lightly wounded.
The adder closely misses you.
You shoot an arrow. The arrow closely misses the adder.
The adder bites you. The adder closely misses you.
You shoot an arrow. The arrow closely misses the adder.
The adder bites you but does no damage. x2
You shoot an arrow. The arrow barely misses the adder.
The adder bites you but does no damage. x2
You shoot an arrow. The arrow hits the adder!
You kill the adder!
The scorpion closely misses you.
You shoot an arrow. The arrow hits the scorpion.
The scorpion is lightly wounded.
The scorpion stings you! The scorpion closely misses you.
You shoot an arrow. The arrow barely misses the scorpion.
The scorpion closely misses you. The scorpion barely misses you.
You shoot an arrow. The arrow barely misses the scorpion.
The scorpion stings you.
You are poisoned.
The scorpion poisons you!
You shoot an arrow.
The arrow hits the scorpion but does no damage.
The scorpion is lightly wounded.
You feel very sick. The scorpion stings you. x2
You are lethally poisoned!
The scorpion poisons you!
You shoot an arrow. The arrow hits the scorpion!
The scorpion is severely wounded.
You feel extremely sick. The scorpion closely misses you.
The scorpion stings you.
You shoot an arrow. The arrow barely misses the scorpion.
You die...

.##...# .####.#
#####.# # ......##.#
###...%..#
###.#.###### #
...........########.#
......####.#.....s..#
####..####.#..##@#
#...........#.#
#.............#
#######.#.....#
#.###.#.# ..# #.#.#
#### #.#.# ..#.#
###.#


You could see a scorpion.

Vanquished Creatures
  A scorpion (D:3)
  A bombardier beetle (D:3)
  Natasha (twice) (D:2)
  An iguana (D:4)
  3 adders
  4 dart slugs
  3 ribbon worms
  12 orcs (D:3)
  10 ball pythons
  2 endoplasms
  2 giant cockroaches
  4 goblins (D:1)
  9 hobgoblins
  2 jackals (D:3)
  7 kobolds
  5 quokkas
  5 bats
  3 frilled lizards
  2 rats
78 creatures vanquished.

Notes
Turn   | Place    | Note
-------+----------+-------------------------------------------
     0 | D:1      | qw the Deep Elf Hunter began the quest for the Orb.
     0 | D:1      | Reached XP level 1. HP: 12/12 MP: 3/3
     0 | D:1      | 0 ||| qw: Version: 0.3-a-160-g6735b56
     0 | D:1      | 0 ||| qw: Game counter: 5477
     0 | D:1      | 0 ||| qw: Melee chars always use a shield: true
     0 | D:1      | 0 ||| qw: God list: Okawaru
     0 | D:1      | 0 ||| qw: Allow faded altars: false
     0 | D:1      | 0 ||| qw: Do Orc after clearing Dungeon:15 true
     0 | D:1      | 0 ||| qw: Do second Lair branch before Depths: true
     0 | D:1      | 0 ||| qw: Lair rune preference: random
     0 | D:1      | 0 ||| qw: Goals: Normal
     0 | D:1      | 0 ||| PLANNING D:1-11
   291 | D:1      | Reached skill level 6 in Ranged Weapons
   291 | D:1      | Reached XP level 2. HP: 16/16 MP: 4/4
   432 | D:1      | Found a faded altar of an unknown god.
   650 | D:1      | Reached XP level 3. HP: 20/20 MP: 5/5
   682 | D:1      | 682 ||| UPGRADING to amulet of faith.
   687 | D:1      | 687 ||| DROPPING ring of wizardry.
   688 | D:1      | 688 ||| READING scroll labelled DITAMA FAXTOMA.
   692 | D:1      | 692 ||| READING scroll labelled ZULYBE RELER.
   693 | D:1      | 693 ||| READING scroll labelled NIOFARPHINU.
   693 | D:1      | 693 ||| BRANDING +0 shortbow.
   694 | D:1      | 694 ||| DROPPING scroll of butterflies.
   720 | D:2      | Noticed Natasha
   723 | D:2      | Killed Natasha
   724 | D:2      | Reached skill level 7 in Ranged Weapons
   791 | D:2      | Reached XP level 4. HP: 25/25 MP: 6/6
   882 | D:2      | Noticed Natasha
   888 | D:2      | Killed Natasha
  1094 | D:2      | Reached skill level 8 in Ranged Weapons
  1528 | D:2      | 1528 ||| READING 2 scrolls labelled HOINIYLAOMP.
  1528 | D:2      | 1528 ||| IDENTIFYING lumpy silvery potion
  1529 | D:2      | 1529 ||| READING scroll of identify.
  1529 | D:2      | 1529 ||| IDENTIFYING glowing dark potion
  1530 | D:2      | 1530 ||| READING scroll labelled MINUSKECRUVASK.
  1631 | D:2      | 1631 ||| READING scroll labelled AMEIPP XAILIE.
  1633 | D:2      | 1633 ||| Stepping ~*~*~tactically~*~*~ (cloud).
  1636 | D:2      | HP: 6/25 [poisoned by you (poison gas)]
  1892 | D:3      | Reached XP level 5. HP: 29/29 MP: 7/7
  2249 | D:3      | Reached skill level 9 in Ranged Weapons
  2362 | D:3      | Reached skill level 3 in Dodging
  2585 | D:3      | 2585 ||| UPGRADING to +0 scale mail.
  2595 | D:3      | 2595 ||| DROPPING +0 leather armour.
  2596 | D:3      | 2596 ||| UPGRADING to +0 ring mail.
  2606 | D:3      | 2606 ||| DROPPING +0 scale mail.
  2607 | D:3      | 2607 ||| UPGRADING to ring of protection from cold.
  2608 | D:3      | 2608 ||| READING 2 scrolls of identify.
  2608 | D:3      | 2608 ||| IDENTIFYING sapphire potion
  2609 | D:3      | 2609 ||| READING scroll of identify.
  2609 | D:3      | 2609 ||| IDENTIFYING fuming amethyst potion
  2610 | D:3      | 2610 ||| READING scroll labelled NONAPH ASUGOMM.
  2611 | D:3      | 2611 ||| DROPPING potion of degeneration.
  2612 | D:3      | 2612 ||| DROPPING potion of berserk rage.
  2673 | D:4      | HP: 5/30 [iguana (11)]
  2675 | D:4      | Reached XP level 6. HP: 6/35 MP: 8/8
  2818 | D:4      | HP: 7/35 [poisoned by a scorpion]
  2819 | D:4      | Succumbed to a scorpion's poison

Levels and vault maps discovered:
D:1:      dpeg_cavernosity, layout_rooms, ebering_ecumenical_altar_ruins
D:2:      layout_loops_ring, uniq_natasha
D:3:      minmay_skewed_foursquare, layout_loops_cross
D:4:      layout_loops_ring, kennysheep_mini, uniq_blork_the_orc

Skill      XL: |  1  2  3  4  5 |
---------------+----------------+-----
Ranged Weapons | 6 7 8 9 |  9.3
Dodging        | 3 |  3.2
Fighting       | 2 |  2.0
Stealth        | |  1.2

Action                     |  1- 3 |  4- 6 || total
---------------------------+-------+-------++-------
   Fire: Shortbow          |    61 |   127 ||   188
    Use: Scroll            |     3 |     7 ||    10
 Armour: Leather armour    |    10 |    28 ||    38
         Ring mail         |       |    15 ||    15
  Dodge: Dodged            |    12 |    42 ||    54

Table legend:
 A = Non-vault XP
 B = Vault XP
 C = Vault XP percentage of total XP
 D = Non-vault monster count
 E = Vault monster count
 F = Vault count percentage of total count
                 A         B        C        D         E       F
            +---------+---------+-------+---------+---------+-------
      Total |     365 |      61 |  14.3 |      66 |      12 |  15.4
            +---------+---------+-------+---------+---------+-------
        D:1 |      32 |       9 |  22.0 |      17 |       4 |  19.0
        D:2 |      92 |      36 |  28.1 |      22 |       1 |   4.3
        D:3 |     191 |      16 |   7.7 |      24 |       7 |  22.6
        D:4 |      50 |       0 |   0.0 |       3 |       0 |   0.0
            +---------+---------+-------+---------+---------+-------
